 Dungeon Crawl Stone Soup version 0.21.1-1-g345015fe64 (webtiles) character file.

4187 Nattfarinn the Blocker (level 10, -5/81 HPs)
             Began as a Gnoll Fighter on May 6, 2018.
             Was a Believer of Okawaru.
             Slain by an iguana (11 damage)
             ... on level 8 of the Dungeon.
             The game lasted 00:17:51 (8921 turns).

Nattfarinn the Blocker (Gnoll Fighter)              Turns: 8921, Time: 00:17:51

Health: -5/81      AC:  9    Str: 21    XL:     10   Next: 29%
Magic:  5/5        EV: 13    Int: 11    God:    Okawaru [**....]
Gold:   410        SH:  0    Dex: 15    Spells: 16/19 levels left

rFire    . . .     SeeInvis +   J - +6 great mace (antimagic)
rCold    . . .     Gourm    .   (shield currently unavailable)
rNeg     . . .     Faith    .   b - +0 scale mail
rPois    .         Spirit   .   (no helmet)
rElec    .         Reflect  .   (no cloak)
rCorr    .         Harm     .   y - +0 pair of gloves
MR       +....                  (no boots)
Stlth    ++........             (no amulet)
HPRegen  0.23/turn              h - ring of protection from magic
MPRegen  0.09/turn              C - ring of see invisible

@: no status effects
A: distributed training, fangs 1, strong nose
a: Heroism, Renounce Religion


You were on level 8 of the Dungeon.
You worshipped Okawaru.
Okawaru was pleased with you.
You were not hungry.

You visited 2 branches of the dungeon, and saw 9 of its levels.

You collected 410 gold pieces.

Inventory:

Hand Weapons
 a - a +0 war axe
 H - a +2 whip of freezing
 J - a +6 antimagic great mace (weapon)
Missiles
 s - 3 javelins (quivered)
Armour
 b - a +0 scale mail (worn)
 c - a +0 shield
 y - a +0 pair of gloves (worn)
 F - a +0 pair of gloves
Magical Staves
 L - an uncursed staff of earth {unknown}
Jewellery
 h - a ring of protection from magic (left hand)
 l - an uncursed ring of stealth
 C - a ring of see invisible (right hand)
Wands
 u - a wand of paralysis (17)
 v - a wand of digging (19)
 x - a wand of random effects (21)
 E - a wand of polymorph (11)
 M - a wand of enslavement (19)
Scrolls
 e - 4 scrolls of teleportation {unknown}
 g - 4 scrolls of remove curse
 i - 5 scrolls of identify {unknown}
 o - a scroll of magic mapping {unknown}
 p - 3 scrolls of enchant armour {unknown}
 q - a scroll of fog {unknown}
 A - a scroll of fear {unknown}
 B - a scroll of amnesia {unknown}
 D - a scroll of blinking {unknown}
 I - a scroll of immolation {unknown}
Potions
 d - 3 potions of might
 j - 6 potions of curing {unknown}
 k - 3 potions of degeneration {unknown}
 m - a potion of resistance
 n - a potion of agility
 t - a potion of heal wounds {unknown}
 w - 2 potions of brilliance {unknown}
 z - a potion of mutation {unknown}
 G - a potion of ambrosia {unknown}
 K - a potion of flight {unknown}
Books
 r - a book of Misfortune

   Spells                             Type                      Level
   a - Confusing Touch                Hexes                        1
   b - Confuse                        Hexes                        3
   c - Gell's Gravitas                Translocation                3
   d - Petrify                        Transmutation/Earth          4
   e - Metabolic Englaciation         Hexes/Ice                    5
   f - Yara's Violent Unravelling     Hexes/Transmutation          5
Comestibles
 f - 8 rations
 N - 7 chunks of flesh


   Skills:
 + Level 8.3 Fighting
 + Level 5.0 Short Blades
 + Level 5.0 Long Blades
 + Level 6.9 Axes
 + Level 5.0 Maces & Flails
 + Level 5.0 Polearms
 + Level 5.0 Staves
 + Level 5.0 Slings
 + Level 5.0 Bows
 + Level 5.0 Crossbows
 + Level 5.0 Throwing
 + Level 8.3 Armour
 + Level 5.0 Dodging
 + Level 5.0 Stealth
 + Level 8.3 Shields
 + Level 5.0 Unarmed Combat
 + Level 5.0 Spellcasting
 + Level 4.1 Conjurations
 + Level 4.1 Hexes
 + Level 4.1 Charms
 + Level 4.1 Summonings
 + Level 4.1 Necromancy
 + Level 4.1 Translocations
 + Level 4.1 Transmutations
 + Level 4.1 Fire Magic
 + Level 4.1 Ice Magic
 + Level 4.1 Air Magic
 + Level 4.1 Earth Magic
 + Level 4.1 Poison Magic
 + Level 5.5 Invocations
 + Level 5.0 Evocations


You had 16 spell levels left.
You knew the following spells:

 Your Spells              Type           Power        Failure   Level  Hunger
a - Confuse               Hex            ##......     26%         3    ###....


Dungeon Overview and Level Annotations

Branches:
Dungeon (8/15)             Temple (1/1) D:5
   Lair: D:8-11

Altars:
Ashenzari
Cheibriados
Dithmenos
Elyvilon
Fedhas
Gozag
Kikubaaqudgha
Makhleb
Okawaru
Qazlal
Ru
Sif Muna
Trog
Uskayaw
Vehumet
Wu Jian
Xom
Zin

Shops:
D:5 :

Annotations:
D:6 tensugalgo's ghost, novice DrGl


Innate Abilities, Weirdness & Mutations

Your experience applies equally to all skills.
You have very sharp teeth.
Your uncanny sense of smell can sniff out nearby items.


Message History

Your Unarmed Combat skill increases to level 5!
Your Spellcasting skill increases to level 5!
Your Evocations skill increases to level 5!
The bullfrog hits you but does no damage.
The bullfrog misses you.
The iguana bites you but does no damage.
The bullfrog hits you.
* * * LOW HITPOINT WARNING * * *
You sock the iguana!
The iguana is almost dead.
The bullfrog closely misses you. The iguana bites you!
* * * LOW HITPOINT WARNING * * *
The bullfrog hits you.
* * * LOW HITPOINT WARNING * * *
You closely miss the iguana.
The iguana is almost dead.
The iguana misses you. The bullfrog hits you.
* * * LOW HITPOINT WARNING * * *
The bullfrog closely misses you. The iguana bites you!
You die...

...###...........#######.....##.#
.## #..#.........# #.........#
#..##.........# ##....#.#..# #.#
#.........# ##..##.....# ..
#.........# #......#.#.# .......
###.#........#
.......###...#.......##
....>.lF.............#
#....)@(.####.......# ...#..###.#
#.......# #. #.# #.......# .. ...
######### #. .... # .....# ∆
#....# ......#


You could see a bullfrog and an iguana.

Vanquished Creatures
  Pikel (D:6)
  Joseph (D:8)
  The ghost of Necrophagist the Shield-Bearer, an amateur DDFi (D:5)
  Grinder (D:3)
  Sigmund (D:6)
  Eustachio (D:5)
  The ghost of Tali the Chopper, an amateur DsBe of Trog (D:3)
  A hungry ghost (D:7)
  2 orc warriors (D:6)
  A sky beast (D:6)
  2 eyes of draining (D:6)
  A phantom (D:6)
  2 slaves (D:6)
  4 ogres
  3 centaurs
  A bullfrog (D:6)
  3 scorpions (D:6)
  A centaur zombie (D:7)
  4 crimson imps
  3 orc priests
  A jelly (D:7)
  3 hounds
  Crazy Yiuf (D:3)
  5 orc wizards
  A bullfrog skeleton (D:8)
  2 iguanas
  Ijyb (D:3)
  Natasha (thrice) (D:3)
  Terence (D:3)
  A worker ant (D:7)
  2 hound zombies
  A hound skeleton (D:8)
  2 howler monkey zombies (D:6)
  10 gnolls
  7 adders
  2 oozes (D:1)
  2 worms (D:2)
  A dart slug (D:3)
  4 leopard geckos
  19 orcs
  A ball python (D:1)
  4 giant cockroaches
  14 goblins
  13 hobgoblins
  11 jackals
  13 kobolds
  4 quokkas
  12 bats
  2 frilled lizards
  A quokka skeleton (D:6)
  7 rats
186 creatures vanquished.

Notes
Turn   | Place    | Note
-------+----------+-------------------------------------------
     0 | D:1      | Nattfarinn the Gnoll Fighter began the quest for the Orb.
     0 | D:1      | Reached XP level 1. HP: 23/23 MP: 1/1
   108 | D:1      | Reached XP level 2. HP: 27/29 MP: 2/2
   245 | D:1      | Reached XP level 3. HP: 30/35 MP: 3/3
   511 | D:1      | Reached skill level 1 in Invocations
   992 | D:2      | Reached skill level 1 in Short Blades
   992 | D:2      | Reached skill level 1 in Long Blades
   992 | D:2      | Reached skill level 1 in Maces & Flails
   992 | D:2      | Reached skill level 1 in Polearms
   992 | D:2      | Reached skill level 1 in Staves
   992 | D:2      | Reached skill level 1 in Slings
   992 | D:2      | Reached skill level 1 in Bows
   992 | D:2      | Reached skill level 1 in Crossbows
   992 | D:2      | Reached skill level 1 in Throwing
   992 | D:2      | Reached skill level 1 in Dodging
   992 | D:2      | Reached skill level 1 in Stealth
   992 | D:2      | Reached skill level 1 in Unarmed Combat
   992 | D:2      | Reached skill level 1 in Spellcasting
   992 | D:2      | Reached skill level 1 in Evocations
  1030 | D:2      | Reached XP level 4. HP: 37/41 MP: 5/5
  1342 | D:2      | Found a shattered altar of Ashenzari.
  1409 | D:2      | Reached skill level 1 in Conjurations
  1409 | D:2      | Reached skill level 1 in Hexes
  1409 | D:2      | Reached skill level 1 in Charms
  1409 | D:2      | Reached skill level 1 in Summonings
  1409 | D:2      | Reached skill level 1 in Necromancy
  1409 | D:2      | Reached skill level 1 in Translocations
  1409 | D:2      | Reached skill level 1 in Transmutations
  1409 | D:2      | Reached skill level 1 in Fire Magic
  1409 | D:2      | Reached skill level 1 in Ice Magic
  1409 | D:2      | Reached skill level 1 in Air Magic
  1409 | D:2      | Reached skill level 1 in Earth Magic
  1409 | D:2      | Reached skill level 1 in Poison Magic
  1573 | D:3      | Reached XP level 5. HP: 47/47 MP: 5/7
  1592 | D:3      | Noticed Grinder
  1603 | D:3      | Killed Grinder
  1603 | D:3      | Reached skill level 5 in Axes
  1603 | D:3      | Reached XP level 6. HP: 43/53 MP: 7/9
  1728 | D:3      | Noticed Ijyb
  1743 | D:3      | Killed Ijyb
  1771 | D:3      | Noticed Tali's ghost (amateur DsBe)
  1787 | D:3      | Killed Tali's ghost
  1787 | D:3      | Reached XP level 7. HP: 27/60 MP: 10/10
  2065 | D:3      | Found a shimmering altar of Xom.
  2073 | D:3      | Noticed Natasha
  2077 | D:3      | Killed Natasha
  2226 | D:3      | Noticed Terence
  2228 | D:3      | Noticed Natasha
  2235 | D:3      | Killed Terence
  2240 | D:3      | Killed Natasha
  2247 | D:3      | Noticed Natasha
  2256 | D:3      | Killed Natasha
  2688 | D:3      | Found a runed door.
  2692 | D:3      | Noticed Crazy Yiuf
  2696 | D:3      | Killed Crazy Yiuf
  2824 | D:4      | You fall through a shaft!
  2824 | D:5      | Entered Level 5 of the Dungeon
  2901 | D:5      | Found Diry's Book Shop.
  2921 | D:5      | Reached XP level 8. HP: 47/67 MP: 12/12
  3281 | D:5      | Noticed Necrophagist's ghost (amateur DDFi)
  3292 | D:5      | Killed Necrophagist's ghost
  3299 | D:5      | Found an opulent altar of Gozag.
  3299 | D:5      | Found a white marble altar of Elyvilon.
  3299 | D:5      | Found a burning altar of Makhleb.
  3301 | D:5      | Found an ancient bone altar of Kikubaaqudgha.
  3312 | D:5      | Found a staircase to the Ecumenical Temple.
  3330 | D:5      | Noticed Eustachio
  3368 | D:5      | Killed Eustachio
  3458 | Temple   | Entered the Ecumenical Temple
  3586 | Temple   | Became a worshipper of Warmaster Okawaru
  3856 | D:6      | Noticed Sigmund
  4041 | D:6      | Noticed tensugalgo's ghost (novice DrGl)
  4064 | D:6      | Killed Sigmund
  5593 | D:6      | Reached XP level 9. HP: 54/72 MP: 14/14
  6126 | D:6      | Reached * piety under Okawaru
  6249 | D:6      | Noticed Pikel
  6258 | D:6      | Killed Pikel
  6767 | D:6      | Found a bloodstained altar of Trog.
  6931 | D:7      | Reached skill level 5 in Invocations
  6955 | D:7      | Found a sacrificial altar of Ru.
  7036 | D:7      | Reached ** piety under Okawaru
  7168 | D:7      | Reached XP level 10. HP: 80/80 MP: 5/17
  7180 | D:7      | Found a hide-covered altar of Uskayaw.
  8763 | D:8      | Learned a level 3 spell: Confuse
  8907 | D:8      | Noticed Joseph
  8919 | D:8      | Killed Joseph
  8919 | D:8      | Reached skill level 5 in Short Blades
  8919 | D:8      | Reached skill level 5 in Long Blades
  8919 | D:8      | Reached skill level 5 in Maces & Flails
  8919 | D:8      | Reached skill level 5 in Polearms
  8919 | D:8      | Reached skill level 5 in Staves
  8919 | D:8      | Reached skill level 5 in Slings
  8919 | D:8      | Reached skill level 5 in Bows
  8919 | D:8      | Reached skill level 5 in Crossbows
  8919 | D:8      | Reached skill level 5 in Throwing
  8919 | D:8      | Reached skill level 5 in Dodging
  8919 | D:8      | Reached skill level 5 in Stealth
  8919 | D:8      | Reached skill level 5 in Unarmed Combat
  8919 | D:8      | Reached skill level 5 in Spellcasting
  8919 | D:8      | Reached skill level 5 in Evocations
  8921 | D:8      | Slain by an iguana

Skill      XL: |  1  2  3  4  5  6  7  8  9 10 |
---------------+-------------------------------+-----
Invocations    | 1 2 3 4 5 |  5.5
Short Blades   | 1 2 3 4 5 |  5.0
Long Blades    | 1 2 3 4 5 |  5.0
Maces & Flails | 1 2 3 4 5 |  5.0
Polearms       | 1 2 3 4 5 |  5.0
Staves         | 1 2 3 4 5 |  5.0
Slings         | 1 2 3 4 5 |  5.0
Bows           | 1 2 3 4 5 |  5.0
Crossbows      | 1 2 3 4 5 |  5.0
Throwing       | 1 2 3 4 5 |  5.0
Dodging        | 1 2 3 4 5 |  5.0
Stealth        | 1 2 3 4 5 |  5.0
Unarmed Combat | 1 2 3 4 5 |  5.0
Spellcasting   | 1 2 3 4 5 |  5.0
Evocations     | 1 2 3 4 5 |  5.0
Conjurations   | 1 2 3 4 |  4.1
Hexes          | 1 2 3 4 |  4.1
Charms         | 1 2 3 4 |  4.1
Summonings     | 1 2 3 4 |  4.1
Necromancy     | 1 2 3 4 |  4.1
Translocations | 1 2 3 4 |  4.1
Transmutations | 1 2 3 4 |  4.1
Fire Magic     | 1 2 3 4 |  4.1
Ice Magic      | 1 2 3 4 |  4.1
Air Magic      | 1 2 3 4 |  4.1
Earth Magic    | 1 2 3 4 |  4.1
Poison Magic   | 1 2 3 4 |  4.1
Axes           | 5 6 |  6.9
Fighting       | 7 8 |  8.3
Armour         | 7 8 |  8.3
Shields        | 7 8 |  8.3

Action                   |  1- 3 |  4- 6 |  7- 9 | 10-12 || total
-------------------------+-------+-------+-------+-------++-------
Melee: War axe           |   119 |   100 |   325 |       ||   544
       Bite              |    17 |    10 |    85 |     7 ||   119
       Unarmed           |       |       |     4 |       ||     4
       Whip              |       |       |    96 |       ||    96
       Great mace        |       |       |    34 |    71 ||   105
Throw: Javelin           |       |    13 |    30 |       ||    43
  Use: Scroll            |       |       |       |     5 ||     5
 Stab: Sleeping          |       |       |     1 |       ||     1
  Eat: Chunk             |     1 |     2 |    11 |     7 ||    21
       Ration            |       |       |     2 |     1 ||     3
Armor: Scale mail        |    62 |    32 |   138 |    33 ||   265
Dodge: Dodged            |    44 |    30 |   172 |    70 ||   316
Block: Shield            |    77 |    54 |   252 |       ||   383
